 Dungeon Crawl Stone Soup version 0.27.0-1-g7a089689b8 (webtiles) character file.

Game seed: 2510768726406189325

51508 bnorton916 the Gelid (level 14, -10/68 HPs)
             Began as a Deep Elf Conjurer on Aug 9, 2021.
             Was the Champion of Cheibriados.
             Killed by divine providence
             ... invoked by Saint Roka
              (12 damage)
             ... on level 2 of the Orcish Mines.
             The game lasted 01:14:30 (39343 turns).

bnorton916 the Gelid (Deep Elf Conjurer)           Turns: 39343, Time: 01:14:30

Health: -10/68     AC: 10    Str: 22    XL:     14   Next: 23%
Magic:  4/28       EV: 21    Int: 57    God:    Cheibriados [******]
Gold:   943        SH:  0    Dex: 29    Spells: 5/30 levels left

rFire    + . .     SeeInvis .   B - +8 mace of the Demagogue {elec, rPois Int+4}
rCold    + + .     Faith    .   (no shield)
rNeg     + . .     Spirit   .   S - +2 robe {rN+}
rPois    +         Reflect  .   (no helmet)
rElec    +         Harm     .   E - +4 cloak of Least Resistance {*Slow Will+ rCorr Str+7}
rCorr    +         Rampage  .   l - +0 pair of gloves
Will     ++...                  (no boots)
Stlth    ++++......             F - amulet of the Air {Inacc Air Fly rElec RMsl}
HPRegen  0.21/turn              G - ring "Irghox" {rF+ Str-4 Int+7}
MPRegen  0.21/turn              T - ring "Efamod" {Wiz rElec rC++ Int+3 Stlth-}

@: unable to drink, flying, studying 2 skills, repel missiles, very slow
A: no potions
a: Renounce Religion, Bend Time, Temporal Distortion, Slouch, Step From Time


You were on level 2 of the Orcish Mines.
You worshipped Cheibriados.
Cheibriados was exalted by your worship.
You visited 3 branches of the dungeon, and saw 17 of its levels.
You also visited: Ossuary.

You collected 2400 gold pieces.
You spent 1457 gold pieces at shops.

Inventory:

Hand Weapons
 e - a +2 dagger of venom
 o - a +5 dagger
 B - the +8 mace of the Demagogue (weapon) {elec, rPois Int+4}
   (You found it on level 8 of the Dungeon)

   It occasionally discharges a powerful burst of electricity upon striking a
   foe.
   Int:       It affects your intelligence (+4).
   rPois:     It protects you from poison.
 U - the +8 rapier of Abuse {distort, Drain rC+++ rN+}
   (You found it on level 6 of the Lair of Beasts)

   It warps and distorts space around it, and may blink, banish, or inflict
   extra damage upon those it strikes.
   Unwielding it can cause banishment or high damage.
   rC:        It renders you almost immune to cold.
   rN:        It protects you from negative energy.
   Drain:     It drains your maximum health when unequipped.
 X - a +4 vampiric short sword
Missiles
 y - a throwing net
 C - 6 curare-tipped darts
 W - 101 stones
Armour
 l - a +0 pair of gloves (worn)
 m - a +1 robe of willpower
 t - a +0 tower shield
 u - a +1 leather armour of cold resistance
 E - the +4 cloak of Least Resistance (worn) {*Slow Will+ rCorr Str+7}
   (You found it on level 9 of the Dungeon)

   Str:       It affects your strength (+7).
   rCorr:     It protects you from acid and corrosion.
   *Slow:     It may slow you when you take damage.
   Will:      It increases your willpower.
 S - a +2 robe of positive energy (worn)
Magical Staves
 b - a staff of air
 v - a staff of conjuration
Jewellery
 F - the amulet of the Air (around neck) {Inacc Air Fly rElec RMsl}
   (You found it on level 9 of the Dungeon)

   [amulet of nothing]

   It reduces the accuracy of all your attacks.
   It enhances your air magic.
   rElec:     It insulates you from electricity.
   Fly:       It grants you flight.
   RMsl:      It protects you from missiles.
 G - the ring "Irghox" (left hand) {rF+ Str-4 Int+7}
   (You found it on level 9 of the Dungeon)

   [ring of protection from fire]

   Str:       It affects your strength (-4).
   Int:       It affects your intelligence (+7).
   rF:        It protects you from fire.
 N - a ring of resist corrosion
 O - an amulet of regeneration
 T - the ring "Efamod" (right hand) {Wiz rElec rC++ Int+3 Stlth-}
   (You found it on level 6 of the Lair of Beasts)

   [ring of wizardry]

   It improves your spell success rate.
   Int:       It affects your intelligence (+3).
   rC:        It greatly protects you from cold.
   rElec:     It insulates you from electricity.
   Stlth:     It makes you less stealthy.
Wands
 j - a wand of flame (45)
 w - a wand of paralysis (19)
 x - a wand of acid (13)
 D - a wand of iceblast (18)
 K - a wand of polymorph (6)
 P - a wand of mindburst (4)
Scrolls
 c - 4 scrolls of enchant weapon
 d - 3 scrolls of fog
 g - 4 scrolls of noise
 i - 4 scrolls of enchant armour
 k - a scroll of teleportation
 p - 2 scrolls of amnesia
 H - a scroll of fear
 Q - a scroll of brand weapon {unknown}
 R - a scroll of holy word {unknown}
Potions
 a - 2 potions of magic {unknown}
 f - 3 potions of lignification
 h - 8 potions of curing
 n - 2 potions of might
 q - a potion of resistance
 r - 3 potions of invisibility
 s - 5 potions of heal wounds
 z - 2 potions of ambrosia
 A - a potion of brilliance
 I - 2 potions of flight
 J - 3 potions of mutation
 M - a potion of cancellation {unknown}
Miscellaneous
 L - a phantom mirror
 V - a lightning rod (4/4)


   Skills:
 - Level 4.1 Armour
 - Level 8.8 Dodging
 - Level 7.8 Stealth
 + Level 4.4 Shields
 - Level 8.9 Spellcasting
 - Level 8.3 Conjurations
 - Level 6.2 Hexes
 - Level 5.1 Translocations
 - Level 15.3 Ice Magic
 + Level 12.4 Air Magic
 - Level 10.7 Invocations


You had 5 spell levels left.
You knew the following spells:

 Your Spells              Type           Power      Damage    Failure   Level
a - Magic Dart            Conj           100%       1d8       0%          1
b - Searing Ray           Conj           100%       3d7       1%          2
c - Fulminant Prism       Conj/Hex       41%        3d20      1%          4
d - Iskenderun's Mystic   Conj/Tloc      80%        2d16      1%          4
e - Ozocubu's Armour      Ice            100%       N/A       0%          3
f - Ozocubu's Refrigerat  Ice            58%        4d16      1%          7
g - Airstrike             Air            64%        N/A       1%          4

Your spell library contained the following spells:

 Spells                   Type           Power      Damage    Failure   Level
 Shock                    Conj/Air       100%       1d9       0%          1
 Swiftness                Air            100%       N/A       0%          3
 Slow                     Hex            77%        N/A       1%          2
 Dazzling Flash           Conj/Hex       100%       N/A       1%          3
 Inner Flame              Hex/Fire       57%        N/A       1%          3
 Tukima's Dance           Hex            77%        N/A       1%          3
 Cause Fear               Hex            38%        N/A       1%          4
 Leda's Liquefaction      Hex/Erth       28%        N/A       1%          4
 Yara's Violent Unravell  Hex/Tmut       28%        3d12      1%          5
 Animate Armour           Summ/Erth      50%        N/A       2%          4
 Summon Forest            Summ/Tloc      26%        N/A       2%          5
 Blade Hands              Tmut           12%        N/A       7%          5
 Lee's Rapid Deconstruct  Erth           12%        3d10*     7%          5
 Invisibility             Hex            38%        N/A       3%          6
 Iron Shot                Conj/Erth      32%        9d7       7%          6
 Eringya's Noxious Bog    Tmut/Pois      12%        N/A       34%         6
 Discord                  Hex            38%        N/A       75%         8
 Summon Hydra             Summ           12%        N/A       88%         7


Dungeon Overview and Level Annotations

Branches:
Dungeon (9/15)             Temple (0/1) D:7            Lair (6/6) D:9
 Shoals (0/4) Lair:3        Snake (0/4) Lair:3        Slime (0/5) Lair:6
    Orc (2/2) D:9             Elf (0/3) Orc:2       Ossuary (visited)

Altars:
Cheibriados
Hepliaklqana
Makhleb
Nemelex Xobeh
Qazlal
Sif Muna
Trog
Uskayaw
Vehumet
Yredelemnul
Beogh
Jiyva

Shops:
D:1 (   D:2 (   D:3 :   D:8 :   Orc:1 !   Orc:2 !

Annotations:
Orc:2 Saint Roka


Message History

Saint Roka is heavily wounded.
You kill the orc warrior!
Cheibriados thoroughly appreciates the change of pace.
You hear a shout!
Saint Roka roars a battlecry!
The orc warrior goes into a battle-frenzy!
Unknown command.
Saint Roka mumbles some strange prayers to Beogh against you.
Beogh smites you!
Saint Roka calls down the wrath of Beogh upon you.
Beogh smites you!
There is an open gate here.
Casting: Ozocubu's Refrigeration (dangerous; 1% risk of failure)
Confirm with . or Enter, or press ? or * to list all spells.
The heat is drained from your surroundings.
You feel very cold.
Saint Roka and the orc warrior are frozen.
Saint Roka is severely wounded.
You kill the orc warrior!
Cheibriados thoroughly appreciates the change of pace.
Unknown command.
Saint Roka mumbles some strange prayers to Beogh against you.
Beogh smites you!
Saint Roka mumbles some strange prayers to Beogh against you.
Beogh smites you!
* * * LOW HITPOINT WARNING * * *
You cannot drink potions in your current state!
As you read the scroll of fear, it crumbles to dust.
You assume a fearsome visage.
Saint Roka looks frightened!
Saint Roka invokes the aid of Beogh against you.
Beogh smites you!
* * * LOW HITPOINT WARNING * * *
You cannot drink potions in your current state!
Unknown command.
Unknown command.
As you read the scroll of fog, it crumbles to dust.
The scroll dissolves into smoke.
Saint Roka mumbles some strange prayers to Beogh against you.
Beogh smites you!
You die...

.......... ..#
......#..#### ..# )
.........#.8##'###'#
...)...8.'..........
....)....'....).8.).
......)8.')........)
.....)).o#.8##'###)#
....)..§§#### .#
.....).§@§# # .
.....))§§§## ##..
.......)..[##########....
...#..##)#)[[[..)........
......#...[######)..##.#.
.....###....#.###...## .
....# ###......#..#.## .
...# ##.#.........# . .
##.###.....)..#.#


You could see Saint Roka.

Vanquished Creatures
  2 hydras
  A boulder beetle (D:9)
  8 death yaks
  3 orc high priests
  The ghost of ZombieSheep the Blocker, a novice GrBe of Trog (D:9)
  A fire crab (Lair:5)
  The ghost of komi the Basher, a novice PaFi of Gozag (D:5)
  An ugly thing (D:9)
  4 oklob plants (Lair:4)
  4 orc sorcerers
  2 manticores
  A moth of wrath (Lair:6)
  3 black mambas
  The ghost of WaxSun the Hand of Fortune, a novice DsGl of Nemelex Xobeh (D:5)
  A torpor snail (Lair:4)
  A rime drake (Lair:2)
  9 cane toads
  9 komodo dragons
  3 trolls
  6 polar bears
  6 hornets (Lair:6)
  5 blink frogs (Lair:5)
  A wind drake (Lair:3)
  5 dream sheep
  Sigmund (D:5)
  12 spriggans (Lair:6)
  5 wyverns
  3 wraiths
  55 yaks
  3 steam dragons
  2 basilisks (Lair:6)
  A basilisk (shapeshifter) (D:9)
  A warg (Orc:2)
  An acid dragon (D:9)
  2 swamp worms (Lair:6)
  Duvessa (D:6)
  17 water moccasins
  A hornet zombie (D:8)
  29 orc warriors
  An ice beast (D:5)
  A sky beast (D:5)
  4 black bears
  11 ogres
  20 wolves
  4 boggarts (Lair:6)
  A centaur (D:8)
  2 necrophages (D:5)
  4 kobold brigands (D:9)
  4 scorpions
  A wyvern zombie (D:7)
  19 bullfrogs
  2 gnoll sergeants (D:9)
  Dowan (D:6)
  A water moccasin skeleton (D:5)
  5 wights
  2 howler monkeys
  An electric eel (Lair:5)
  2 bullfrog zombies
  5 jellies
  A centaur skeleton (D:5)
  2 centaur zombies (D:9)
  10 orc priests
  2 hounds
  3 bullfrog skeletons
  An iguana (D:6)
  Natasha (thrice) (D:2)
  12 orc wizards
  A killer bee zombie (D:7)
  A hound skeleton (D:4)
  A mummy (D:4)
  2 howler monkey zombies
  6 adders
  4 gnolls (D:9)
  A white imp (D:7)
  2 adder skeletons
  An adder zombie (Ossuary)
  3 worms
  The ghost of boopsy the Sneak, a weakling KoDe (D:5)
  4 dart slugs
  64 orcs
  12 endoplasms
  2 giant cockroaches (D:3)
  11 goblins
  11 hobgoblins
  3 jackals (D:4)
  2 quokkas
  5 ball pythons
  5 bats
  2 frilled lizards
  A goblin zombie (D:4)
  3 hobgoblin zombies (Ossuary)
  9 kobolds
  An orc skeleton (Ossuary)
  4 orc zombies
  8 rats (D:1)
508 creatures vanquished.

Vanquished Creatures (collateral kills)
  2 kobolds (D:4)
2 creatures vanquished.

Vanquished Creatures (others)
  An orc wizard (D:8)
  59 fulminant prisms
  77 fungi
  89 plants
226 creatures vanquished.

Grand Total: 736 creatures vanquished

Notes
Turn   | Place    | Note
-------+----------+-------------------------------------------
     0 | D:1      | bnorton916 the Deep Elf Conjurer began the quest for the
                  | Orb.
     0 | D:1      | Reached XP level 1. HP: 10/10 MP: 6/6
   138 | D:1      | Reached XP level 2. HP: 9/15 MP: 3/8
   147 | D:1      | Found Hito's Weapon Shoppe.
   411 | D:1      | Found a faded altar of an unknown god.
   448 | D:1      | Became a worshipper of Cheibriados the Contemplative
   448 | D:1      | Reached * piety under Cheibriados
   664 | D:1      | Learned a level 2 spell: Searing Ray
   803 | D:1      | Reached skill level 5 in Conjurations
   803 | D:1      | Reached XP level 3. HP: 19/19 MP: 7/10
   855 | D:1      | Reached ** piety under Cheibriados
  1455 | D:2      | Found Iclapiw's Weapon Boutique.
  1657 | D:2      | Reached XP level 4. HP: 22/24 MP: 3/12
  1817 | D:2      | Noticed Natasha
  1820 | D:2      | Killed Natasha
  1821 | D:2      | Reached skill level 5 in Spellcasting
  2113 | D:2      | Noticed Natasha
  2118 | D:2      | Killed Natasha
  2119 | D:2      | Reached XP level 5. HP: 28/28 MP: 8/15
  2187 | D:2      | Noticed Natasha
  2193 | D:2      | Killed Natasha
  2342 | D:3      | Found Vaoll's Book Boutique.
  2432 | D:3      | Reached *** piety under Cheibriados
  3252 | D:4      | Found a sand-covered staircase.
  3263 | Ossuary  | Entered an ossuary
  3269 | Ossuary  | Learned a level 4 spell: Fulminant Prism
  3274 | Ossuary  | Learned a level 4 spell: Iskenderun's Mystic Blast
  3459 | Ossuary  | Reached XP level 6. HP: 32/32 MP: 12/17
  3510 | Ossuary  | Reached skill level 1 in Hexes
  3510 | Ossuary  | Reached skill level 1 in Translocations
  3564 | Ossuary  | Noticed a wraith
  3564 | Ossuary  | Noticed a flying skull
  3577 | Ossuary  | Noticed a flying skull
  3609 | Ossuary  | Noticed a wraith
  3614 | Ossuary  | Killed a wraith
  3784 | Ossuary  | Noticed a wraith
  3790 | Ossuary  | Killed a wraith
  3791 | Ossuary  | Reached XP level 7. HP: 6/36 MP: 11/19
  4029 | Ossuary  | Noticed a flying skull
  4031 | Ossuary  | Noticed a flying skull
  4510 | D:4      | Reached **** piety under Cheibriados
  4925 | D:4      | Found a bloodstained altar of Trog.
  5299 | D:5      | Entered Level 5 of the Dungeon
  5327 | D:5      | Found a runed translucent gate.
  5327 | D:5      | Found a runed translucent gate.
  5328 | D:5      | Found a runed translucent gate.
  5328 | D:5      | Noticed boopsy's ghost (weakling KoDe)
  5328 | D:5      | Noticed WaxSun's ghost (novice DsGl)
  5330 | D:5      | Noticed komi's ghost (novice PaFi)
  5362 | D:5      | Noticed Sigmund
  5366 | D:5      | Killed Sigmund
  5367 | D:5      | Reached XP level 8. HP: 41/41 MP: 15/21
  5571 | D:5      | Reached skill level 5 in Hexes
  6037 | D:5      | Reached skill level 5 in Translocations
  6452 | D:5      | Found a basalt altar of Yredelemnul.
  6484 | D:5      | Reached skill level 1 in Invocations
  7028 | D:6      | Reached XP level 9. HP: 45/45 MP: 18/23
  7028 | D:6      | Noticed Duvessa
  7031 | D:6      | Noticed Dowan
  7037 | D:6      | Killed Duvessa
  7038 | D:6      | Killed Dowan
  7303 | D:6      | Reached skill level 5 in Dodging
  7340 | D:6      | Reached ***** piety under Cheibriados
  7492 | D:6      | Found a radiant altar of Vehumet.
  8910 | D:7      | Found a staircase to the Ecumenical Temple.
  9217 | D:7      | Reached skill level 5 in Invocations
  9490 | D:8      | Identified the +8 mace of the Demagogue {elec, rPois Int+4}
  9500 | D:8      | Learned a level 3 spell: Ozocubu's Armour
  9508 | D:8      | Learned a level 7 spell: Ozocubu's Refrigeration
  9641 | D:8      | Reached skill level 1 in Ice Magic
  9791 | D:8      | Found a hide-covered altar of Uskayaw.
  9996 | D:8      | Found Zeaxt's Book Boutique.
 10028 | D:8      | Reached skill level 2 in Ice Magic
 10381 | D:8      | Found a shimmering blue altar of Sif Muna.
 10452 | D:8      | Found a hazy altar of Hepliaklqana.
 10452 | D:8      | Found a stormy altar of Qazlal.
 10453 | D:8      | Found a sparkling altar of Nemelex Xobeh.
 10456 | D:8      | Found a burning altar of Makhleb.
 10545 | D:9      | Found a runed translucent gate.
 10548 | D:9      | Noticed ZombieSheep's ghost (novice GrBe)
 10549 | D:9      | Found a runed translucent gate.
 10550 | D:9      | Found a runed translucent gate.
 10550 | D:9      | Identified the +1 chain mail of the Wumpus {Harm *Corrode
                  | rF+}
 10654 | D:9      | Noticed a troll
 10660 | D:9      | Killed a troll
 10855 | D:9      | Reached skill level 3 in Ice Magic
 10855 | D:9      | Reached XP level 10. HP: 50/50 MP: 18/24
 11020 | D:9      | Found a snail-covered altar of Cheibriados.
 11047 | D:9      | Found a large runed translucent door.
 11047 | D:9      | Found a large runed translucent door.
 11139 | D:9      | Found a large runed translucent door.
 11139 | D:9      | Found a large runed translucent door.
 11141 | D:9      | Noticed a manticore
 11141 | D:9      | Noticed a green ugly thing
 11142 | D:9      | Found the amulet of Vitality {Regen+ HP+15}
 11245 | D:9      | Reached skill level 4 in Ice Magic
 11283 | D:9      | Noticed a boulder beetle
 11530 | D:9      | Found a staircase to the Lair.
 11654 | Lair:1   | Entered Level 1 of the Lair of Beasts
 12110 | D:9      | Killed ZombieSheep's ghost
 12111 | D:9      | Reached skill level 5 in Ice Magic
 12793 | D:9      | Identified the +4 cloak of Least Resistance {*Slow Will+
                  | rCorr Str+7}
 12930 | D:9      | Found the amulet of the Air {Inacc Air Fly rElec RMsl}
 13010 | D:9      | Reached skill level 1 in Armour
 13187 | D:9      | Identified the ring "Irghox" {rF+ Str-4 Int+7}
 13247 | D:9      | Found a staircase to the Orcish Mines.
 13258 | D:9      | Reached skill level 6 in Ice Magic
 14225 | Lair:1   | Reached XP level 11. HP: 54/54 MP: 20/25
 14426 | Lair:1   | Reached ****** piety under Cheibriados
 14430 | Lair:1   | Reached skill level 7 in Ice Magic
 16484 | Lair:2   | Reached skill level 8 in Ice Magic
 16675 | Lair:2   | You are sucked into a shaft and drop 2 floors!
 17303 | Lair:4   | Noticed a four-headed hydra
 17324 | Lair:4   | Reached skill level 10 in Invocations
 17884 | Lair:3   | Reached skill level 9 in Ice Magic
 18145 | Lair:3   | Found a staircase to the Shoals.
 18727 | Lair:2   | Got the Papyrus of Malediction
 19376 | Lair:2   | Reached skill level 10 in Ice Magic
 19379 | Lair:2   | Reached XP level 12. HP: 59/59 MP: 6/26
 19931 | Lair:2   | Reached skill level 11 in Ice Magic
 21140 | Lair:3   | Found a staircase to the Snake Pit.
 21368 | Lair:3   | Reached skill level 12 in Ice Magic
 22464 | Lair:4   | Killed a four-headed hydra
 22465 | Lair:4   | Reached skill level 5 in Stealth
 24394 | Lair:4   | Reached skill level 13 in Ice Magic
 25409 | D:8      | Bought a manual of Air Magic for 1040 gold pieces
 25527 | Lair:5   | Reached skill level 1 in Air Magic
 25530 | Lair:5   | Reached XP level 13. HP: 56/63 MP: 11/27
 25811 | Lair:5   | Learned a level 4 spell: Airstrike
 27307 | Lair:5   | Reached skill level 5 in Air Magic
 28362 | Lair:5   | Identified the +1 whip of Analysis {elec, rN+}
 28621 | Lair:6   | Entered Level 6 of the Lair of Beasts
 29418 | Lair:5   | Reached skill level 14 in Ice Magic
 31451 | Lair:6   | Reached skill level 10 in Air Magic
 32105 | Lair:6   | Reached skill level 15 in Ice Magic
 33811 | Lair:6   | Found a staircase to the Slime Pits.
 33812 | Lair:6   | Found a viscous altar of Jiyva.
 34045 | Lair:6   | Identified the ring "Efamod" {Wiz rElec rC++ Int+3 Stlth-}
 34048 | Lair:6   | Identified the +8 rapier of Abuse {distort, Drain rC+++
                  | rN+}
 35249 | D:5      | Killed boopsy's ghost
 35250 | D:5      | Killed komi's ghost
 35250 | D:5      | Killed WaxSun's ghost
 35438 | D:9      | Reached XP level 14. HP: 68/68 MP: 7/28
 35885 | Orc:1    | Entered Level 1 of the Orcish Mines
 35885 | Orc:1    | Found Ruqix's Distillery.
 35899 | Orc:1    | Bought a potion of mutation for 88 gold pieces
 35899 | Orc:1    | Bought a potion of heal wounds for 55 gold pieces
 35899 | Orc:1    | Bought a potion of curing for 33 gold pieces
 35899 | Orc:1    | Bought a potion of curing for 33 gold pieces
 36630 | Orc:2    | Entered Level 2 of the Orcish Mines
 36633 | Orc:2    | Reached skill level 1 in Shields
 37346 | Orc:2    | Found a staircase to the Elven Halls.
 38695 | Orc:2    | Found Wigivuef's Distillery.
 38703 | Orc:2    | Bought a potion of heal wounds for 80 gold pieces
 38703 | Orc:2    | Bought a potion of heal wounds for 80 gold pieces
 38711 | Orc:2    | Bought a potion of flight for 48 gold pieces
 39330 | Orc:2    | Noticed Saint Roka
 39341 | Orc:2    | HP: 1/68 [Saint Roka/divine providence (13)]
 39343 | Orc:2    | Killed from afar by Saint Roka

Illustrated notes

Levels and vault maps discovered:
D:1:      onia_arrival_handbag, layout_basic, basic_ecumenical_altar,
          serial_shops, nicolae_shop_waterfront
D:2:      layout_rooms, serial_shops, nicolae_square_shop, uniq_natasha
D:3:      layout_loops_ring, serial_shops, shop,
          minmay_fractal_squares_diagonal_5
D:4:      layout_loops_corners, lightli_temple_of_fire,
          nicolae_ossuary_entry_giza
D:5:      layout_basic, amcnicky_altar_gilded, gammafunk_ghost_cemetery,
          kennysheep_path_1, chequers_serial_rivers_small_b, uniq_sigmund
D:6:      layout_rooms, mainiacjoe_overflow_alcove_1, uniq_duvessa
D:7:      layout_layer_cave, minmay_temple_entry_gardened_gates
D:8:      layout_basic, kennysheep_orc_sif_temple, minitemple, serial_shops,
          shop
D:9:      layout_loops_ring, mainiacjoe_overflow_24_doors, lair_entry_dummy,
          kennysheep_orc_monster_closet_entryway, biasface_ghost_orc_armoury,
          minmay_hollow_rounded_squares
Lair:1:   layout_cave_shapes
Lair:2:   layout_cellular_growth
Lair:3:   layout_gridlike, minmay_shoals_entry_beasts,
          minmay_snake_entry_six_corridors
Lair:4:   layout_cave_pods, serial_bayou_shore_a, minmay_lair_oklob_chamber
Lair:5:   layout_loops_ring, enter_volcano_1, chequers_serial_rivers_marsh,
          grunt_megastairs_5, infiniplex_staircase_pool
Lair:6:   minmay_lair_end_enchanted_forest, layout_regular_city,
          dpeg_slime_entry_enclosed_altar, worms_lemuel
Orc:1:    layout_caves, serial_shops, shop
Orc:2:    grunt_orc_community_town_hall, layout_caves,
          grunt_orc_community_big_house_2, grunt_orc_community_big_house_1,
          grunt_orc_community_house_2, grunt_orc_community_house_1,
          grunt_orc_community_house_1, grunt_orc_community_house_2,
          grunt_orc_community_house_3

Skill      XL: |  1  2  3  4  5  6  7  8  9 10 11 12 13 14 |
---------------+-------------------------------------------+-----
Spellcasting   | 4 5 6 7 8 |  8.9
Conjurations   | 5 6 7 8 |  8.3
Hexes          | 3 4 6 |  6.2
Translocations | 2 3 5 |  5.1
Dodging        | 3 7 8 |  8.8
Invocations    | 1 6 8 10 | 10.7
Ice Magic      | 3 6 10 13 15 | 15.3
Armour         | 2 4 |  4.1
Stealth        | 7 |  7.8
Air Magic      | 2 11 12 | 12.4
Shields        | 4 |  4.4

Action                   |  1- 3 |  4- 6 |  7- 9 | 10-12 | 13-15 || total
-------------------------+-------+-------+-------+-------+-------++-------
Melee: Mace              |       |       |       |    17 |    18 ||    35
 Cast: Magic Dart        |   101 |    73 |   190 |   154 |   187 ||   705
       Searing Ray       |     1 |    15 |    42 |   112 |    60 ||   230
       Fulminant Prism   |       |       |     2 |    46 |    11 ||    59
       Iskenderun's Myst |       |       |     5 |    29 |    24 ||    58
       Ozocubu's Armour  |       |       |       |     6 |     2 ||     8
       Ozocubu's Refrige |       |       |       |     2 |    49 ||    51
       Airstrike         |       |       |       |       |     7 ||     7
Invok: Bend Time         |       |       |       |     1 |       ||     1
       Slouch            |       |       |       |       |     1 ||     1
Evoke: Wand              |       |       |       |     5 |     2 ||     7
  Use: Scroll            |       |     9 |     1 |    14 |     5 ||    29
       Potion            |       |       |       |     6 |       ||     6
Armor: Robe              |     1 |     7 |     7 |     6 |    12 ||    33
       Leather armour    |       |       |       |    33 |    10 ||    43
Dodge: Dodged            |     9 |    14 |    56 |   242 |   164 ||   485
       Repelled          |       |       |       |     8 |     2 ||    10
